 Dungeon Crawl Stone Soup version 0.21-a0-369-g397cdb2 (webtiles) character file.

43 Ijustatesigmund the Magician (level 3, 0/16 HPs)
             Began as a Spriggan Enchanter on Oct 15, 2017.
             Succumbed to a worker ant's poison
             ... on level 4 of the Dungeon.
             The game lasted 00:06:50 (2545 turns).

Ijustatesigmund the Magician (Spriggan Enchanter)   Turns: 2545, Time: 00:06:51

Health: 0/16       AC:  2    Str:  4    XL:     3   Next: 37%
Magic:  10/10      EV: 24    Int: 17    God:
Gold:   68         SH:  0    Dex: 21    Spells: 5/11 levels left

rFire    . . .     SeeInvis +   a - +1 dagger
rCold    . . .     Gourm    .   (shield restricted)
rNeg     . . .     Faith    .   b - +0 robe
rPois    .         Spirit   .   (helmet restricted)
rElec    .         Reflect  .   f - scarf {repulsion}
rCorr    .         Harm     .   (gloves unavailable)
MR       .....                  (boots unavailable)
Stlth    ++++......             h - amulet of magic regeneration
HPRegen  0.05/turn              (no ring)
MPRegen  0.37/turn              (no ring)

@: agile, lethally poisoned (0 -> -2), repel missiles, very quick
A: unfitting armour, see invisible, herbivore 3, speed 3, slow metabolism 2
a: no special abilities


You were on level 4 of the Dungeon.
You were not hungry.

You visited 1 branch of the dungeon, and saw 4 of its levels.

You collected 68 gold pieces.

Inventory:

Hand Weapons
 a - a +1 dagger (weapon)
Armour
 b - a +0 robe (worn)
 f - a scarf of repulsion (worn)
Jewellery
 h - an amulet of magic regeneration (around neck)
Scrolls
 e - 2 scrolls of identify {unknown}
 i - 2 scrolls of amnesia {unknown}
Potions
 g - a potion of agility
Books
 c - a book of Maledictions

   Spells                             Type                      Level
   a - Corona                         Hexes                        1
   b - Ensorcelled Hibernation        Hexes/Ice                    2
   c - Confuse                        Hexes                        3
   d - Tukima's Dance                 Hexes                        3
   e - Dazzling Spray                 Conjuration/Hexes            3
Comestibles
 d - 2 bread rations


   Skills:
 - Level 1.1 Short Blades
 - Level 3.0 Dodging
 - Level 4.4 Stealth
 + Level 4.7 Spellcasting
 - Level 3.6 Hexes


You had 5 spell levels left.
You knew the following spells:

 Your Spells              Type           Power        Failure   Level  Hunger
a - Corona                Hex            ###....      3%          1    None
b - Ensorcelled Hibernat  Hex/Ice        ##....       11%         2    #......
c - Dazzling Spray        Conj/Hex       ##....       21%         3    ###....


Dungeon Overview and Level Annotations

Branches:
Dungeon (4/15)
 Temple: D:4-7

Altars:


Innate Abilities, Weirdness & Mutations

You are very small and have problems with some larger weapons.
You are too small for most types of armour.
You have supernaturally acute eyesight. (SInv)
You are a herbivore.
You cover ground extremely quickly.
You need consume almost no food.


Message History

The worker ant is almost dead.
You feel sick. The worker ant closely misses you.
It was a potion of agility.
You feel agile all of a sudden.
The worker ant bites you but does no damage.
You feel sick.
There is a stone staircase leading up here.
* * * LOW HITPOINT WARNING * * *
You feel sick.
You swing at nothing.
* * * LOW HITPOINT WARNING * * *
You feel sick.
* * * LOW HITPOINT WARNING * * *
You feel sick.
* * * LOW HITPOINT WARNING * * *
You feel sick.
* * * LOW HITPOINT WARNING * * *
You feel sick.
Okay, then.
You die...

#.....####.#
....#<.....# #.#
###.######## #.#
........... #.#
###a####### #.#
#.# #.# #.# #.#
#.# #.#
#.############@#
#..a...........#
################


There were no monsters in sight!

Vanquished Creatures
  An adder (D:2)
  A worm (D:2)
  An orc (D:3)
  A ball python (D:1)
  A bat (D:1)
  A giant cockroach (D:1)
  7 hobgoblins
  5 jackals
  4 kobolds (D:1)
  2 frilled lizards
  3 rats
27 creatures vanquished.

Notes
Turn   | Place    | Note
-------+----------+-------------------------------------------
     0 | D:1      | Ijustatesigmund the Spriggan Enchanter began the quest for the Orb.
     0 | D:1      | Reached XP level 1. HP: 9/9 MP: 5/5
   304 | D:1      | Reached XP level 2. HP: 9/13 MP: 7/7
   308 | D:1      | Learned a level 2 spell: Ensorcelled Hibernation
  1653 | D:2      | Reached XP level 3. HP: 10/16 MP: 7/10
  1774 | D:2      | Learned a level 3 spell: Dazzling Spray
  2545 | D:4      | Succumbed to a worker ant's poison

Vault maps used:
D:1:      minmay_arrival_semitransparent
D:2:      minmay_snake_closets
D:4:      vehumet_altar_wand_db

Skill      XL: |  1  2 |
---------------+-------+-----
Spellcasting   | 3 4 |  4.7
Short Blades   | |  1.1
Dodging        | |  3.0
Stealth        | |  4.4
Hexes          | |  3.6

Action                   || total
-------------------------++-------
Melee: Dagger            ||   136
 Cast: Ensorcelled Hiber ||    21
       Corona            ||     5
  Use: Potion            ||     1
 Stab: Sleeping          ||    12
Armor: Robe              ||    15
Dodge: Dodged            ||   152

Table legend:
 A = Spawn XP
 B = Non-spawn XP
 C = Spawn XP percentage of total XP
 D = Spawn monster count
 E = Non-spawn monster count
 F = Spawn count percentage of total count
 G = Total turns spent on level
                    A         B        C        D         E        F      G
               +---------+---------+-------+---------+---------+-------+---------
         Total |       0 |      62 |   0.0 |       0 |      27 |   0.0 |  2545
               +---------+---------+-------+---------+---------+-------+---------
           D:1 |       0 |      28 |   0.0 |       0 |      16 |   0.0 |  1849
           D:2 |       0 |      29 |   0.0 |       0 |       9 |   0.0 |   327
           D:3 |       0 |       5 |   0.0 |       0 |       2 |   0.0 |   298
               +---------+---------+-------+---------+---------+-------+---------
